 Seeded DCSS version 0.29-a0-520-gc852659d43 (webtiles) character file.

Game seed: 7398478755600371734 (custom seed)

506 hquester1 the Skirmisher (level 6, 0/63 HPs)
             Began as a Troll Fighter on May 31, 2022.
             Killed by nerve-wracking pain
             ... invoked by Grinder
              (3 damage)
             ... on level 5 of the Dungeon.
             The game lasted 00:08:51 (3221 turns).

hquester1 the Skirmisher (Troll Fighter)            Turns: 3221, Time: 00:08:52

Health: 0/63       AC:  4    Str: 25    XL:     6   Next: 97%
Magic:  5/5        EV:  9    Int: 10    God:
Gold:   230        SH:  9    Dex: 11    Spells: 5/5 levels left

rFire   . . .      SeeInvis .   a - +0 flail
rCold   . . .      Faith    .   c - +1 kite shield
rNeg    . . .      Spirit   .   b - +0 robe
rPois   .          Reflect  .   (helmet restricted)
rElec   .          Harm     .   (no cloak)
rCorr   .          Rampage  .   (gloves unavailable)
Will    .....                   (boots unavailable)
Stlth   +.........              (no amulet)
HPRegen 1.00/turn               q - +6 ring of intelligence
MPRegen 0.09/turn               (no ring)

@: no status effects
A: large, unfitting armour, claws 3, regeneration 1, shaggy fur 1, tough skin 1
a: no special abilities


You were on level 5 of the Dungeon.
You visited 1 branch of the dungeon, and saw 5 of its levels.
You also visited: Sewer.

You collected 230 gold pieces.

Inventory:

Hand Weapons
 a - a +0 flail (weapon)
Missiles
 u - 2 throwing nets (quivered)
Armour
 b - a +0 robe (worn)
 c - a +1 kite shield (worn)
Jewellery
 l - the amulet of Vampiric Thralls {RegenMP Str+5}
   (You found it on level 4 of the Dungeon)

   [amulet of magic regeneration]

   It increases your rate of magic regeneration.
   Str:       It affects your strength (+5).
 q - a +6 ring of intelligence (left claw)
 t - a ring of positive energy
Wands
 v - a wand of iceblast (3)
Scrolls
 e - 3 scrolls of immolation
 g - a scroll of amnesia
 h - a scroll of fear
 j - 3 scrolls of teleportation
 k - 2 scrolls of blinking
 n - 2 scrolls of magic mapping
Potions
 d - a potion of degeneration
 f - a potion of heal wounds {unknown}
 i - a potion of mutation
 m - a potion of haste {unknown}
 o - a potion of brilliance {unknown}
 p - a potion of lignification {unknown}
 s - a potion of ambrosia {unknown}
 w - a potion of curing


   Skills:
 * Level 4.4 Fighting
 + Level 3.3 Maces & Flails
 + Level 3.7 Dodging
 + Level 4.0 Shields


You had 5 spell levels left.
You didn't know any spells.
Your spell library contained the following spells:

 Spells                   Type           Power      Damage    Failure   Level
 Magic Dart               Conj           0%         1d3       65%         1
 Shock                    Conj/Air       0%         1d3       65%         1
 Call Imp                 Summ           0%         N/A       78%         2
 Mephitic Cloud           Conj/Pois/Air  0%         N/A       95%         3
 Swiftness                Air            0%         N/A       95%         3
 Airstrike                Air            0%         N/A       100%        4


Dungeon Overview and Level Annotations

Branches:
Dungeon (5/15)              Sewer (visited)
 Temple: D:4-7

Altars:

Shops:
D:5 !

Annotations:
D:5 Grinder


Innate Abilities, Weirdness & Mutations

You are too large for most types of armour.
You have claws for hands.
Your natural rate of healing is unusually fast.
You are covered in fur. (AC +1)
You have tough skin. (AC +1)


Message History

Grinder hits you but does no damage. Grinder hits you.
You can move again.
You barely miss Grinder.
Grinder is moderately wounded.
Grinder hits you but does no damage.
You hit Grinder.
Grinder is moderately wounded.
Grinder barely misses you. Grinder hits you but does no damage.
You thump Grinder!
Grinder is heavily wounded.
Grinder blinks!
Grinder says, "Just stop there for a second..."
Grinder barely misses you.
A gnoll comes into view. It is wielding a +0 rapier.
You completely miss Grinder.
Grinder is heavily wounded.
The gnoll shouts!
Grinder hits you!
You writhe in agony.
Grinder hits you!
* * * LOW HITPOINT WARNING * * *
You writhe in agony.
* * * LOW HITPOINT WARNING * * *
A gnoll comes into view. It is wielding a +0 spear.
You sock Grinder!
Grinder is almost dead.
You block Grinder's attack.
You completely miss Grinder.
Grinder is almost dead.
Grinder blinks!
An orc comes into view. It is wielding a +0 dagger.
You closely miss Grinder.
Grinder is almost dead.
The orc shouts!
You hear a shout! x2
Grinder gestures at you. Pain shoots through your body!
* * * LOW HITPOINT WARNING * * *
An orc comes into view. It is wielding a +0 mace.
Grinder gestures at you. Pain shoots through your body!
You die...

.... .......
##.....##
#.......# ## o
#.......# .###.o.
#.......###§..g..#
..# #........@.g#
#.. ##
#.>.∩.<.#5## #..
#. #.......#...
#.. #.
#...)###..### #..
#) #..### ...#
#.##. #######.##
..#.# #....
#.......# #.###.#
# ##....
#....#####...# #.#
.####...##
#....##....#
#.###........).#


You could see Grinder, 2 gnolls and 2 orcs.

Vanquished Creatures
  A necrophage (D:5)
  2 hounds (D:5)
  2 jellies (D:5)
  2 iguanas
  An orc wizard (D:5)
  A hell rat (Sewer)
  7 gnolls
  4 adders (D:3)
  4 river rats
  An ufetubus (D:4)
  A dart slug (D:3)
  A worm (D:3)
  3 orcs
  4 ball pythons
  12 endoplasms
  5 giant cockroaches
  7 goblins
  4 hobgoblins
  6 jackals
  3 quokkas
  A bat (D:2)
  5 frilled lizards
  3 kobolds
  10 rats
90 creatures vanquished.

Notes
Turn   | Place    | Note
-------+----------+-------------------------------------------
     0 | D:1      | hquester1 the Troll Fighter began the quest for the Orb.
     0 | D:1      | Reached XP level 1. HP: 22/22 MP: 0/0
   252 | D:1      | Reached XP level 2. HP: 29/29 MP: 1/1
  1001 | D:2      | Reached XP level 3. HP: 35/36 MP: 2/2
  1356 | D:3      | Reached XP level 4. HP: 40/45 MP: 3/3
  1516 | D:3      | Reached XP level 5. HP: 43/53 MP: 4/4
  2081 | D:4      | Found a glowing drain.
  2101 | Sewer    | Entered a sewer
  2151 | Sewer    | HP: 1/54 [river rat (8)]
  2491 | D:4      | Identified the amulet of Vampiric Thralls {RegenMP Str+5}
  2589 | D:4      | Reached XP level 6. HP: 24/59 MP: 5/5
  2960 | D:5      | Entered Level 5 of the Dungeon
  3197 | D:5      | Found Nucaedene's Distillery.
  3202 | D:5      | Noticed Grinder
  3203 | D:5      | Paralysed by Grinder for 2 turns
  3208 | D:5      | Paralysed by Grinder for 5 turns
  3221 | D:5      | HP: 3/63 [Grinder/nerve-wracking pain (11)]
  3221 | D:5      | Killed from afar by Grinder

Illustrated notes

Levels and vault maps discovered:
D:1:      lemuel_arrival_funnel, layout_basic
D:2:      layout_loops_cross
D:3:      layout_basic, serial_glass, glass_columns_a, glass_columns_a,
          glass_columns_a, glass_columns_c
D:4:      layout_basic, nicolae_overflow_hidden_temple, portal_sewer_entry_a
D:5:      layout_rooms, serial_shops, nicolae_stop_n_shop_2, grunt_ministairs_5,
          uniq_grinder, uniq_blork_the_orc

Skill      XL: |  1  2  3  4  5  6 |
---------------+-------------------+-----
Maces & Flails | 2 3 |  3.3
Shields        | 3 4 |  4.0
Fighting       | 3 4 |  4.4
Dodging        | 3 |  3.7

Action                   |  1- 3 |  4- 6 || total
-------------------------+-------+-------++-------
Melee: Flail             |    95 |   237 ||   332
  Use: Scroll            |       |    12 ||    12
       Potion            |       |     3 ||     3
 Stab: Sleeping          |     1 |     1 ||     2
Armor: Robe              |    24 |    86 ||   110
Dodge: Dodged            |    43 |   115 ||   158
Block: Kite shield       |    30 |   113 ||   143

Table legend: (Time is in decaauts)
 A = Elapsed time spent in this place.
 B = Non-inter-level travel time spent in this place.
 C = Inter-level travel time spent in this place.
 D = Time resting spent in this place.
 E = Time spent auto-exploring this place.
 F = Levels seen in this place.
 G = Mean time per level.
                   A        B        C        D        E       F      G
               +--------+--------+--------+--------+--------+-----+--------+
         Total |   3368 |   3259 |    109 |     64 |   2213 |   6 |  561.3 |
       Dungeon |   3147 |   3038 |    109 |     22 |   2172 |   5 |  629.4 |
         Sewer |    221 |    221 |      0 |     42 |     40 |   1 |  221.0 |
               +--------+--------+--------+--------+--------+-----+--------+

Top non-repeatable levels by time:
     D:1: 766 daAuts
     D:3: 750 daAuts
     D:4: 747 daAuts
     D:2: 604 daAuts
     D:5: 278 daAuts
   Sewer: 221 daAuts
